 Dungeon Crawl Stone Soup version 0.22-a0-161-g198051cff3 (console) character file.

75 Muffindrake the Skirmisher (level 4, -1/40 HPs)
             Began as a Draconian Berserker on Feb 11, 2018.
             Was a Believer of Trog.
             Slain by a gnoll
             ... wielding a +0 spear
              (13 damage)
             ... on level 2 of the Dungeon.
             The game lasted 00:06:25 (1066 turns).

Muffindrake the Skirmisher (Draconian Berserker)    Turns: 1066, Time: 00:06:26

Health: -1/40      AC:  5    Str: 20    XL:     4   Next: 11%
Magic:  1/1        EV: 13    Int:  7    God:    Trog [**....]
Gold:   49         SH:  0    Dex: 11    Spells: 3/3 levels left

rFire    . . .     SeeInvis .   d - +2 halberd (antimagic)
rCold    + . .     Gourm    +   (shield currently unavailable)
rNeg     . . .     Faith    .   (armour unavailable)
rPois    .         Spirit   .   (helmet restricted)
rElec    .         Reflect  .   (no cloak)
rCorr    .         Harm     .   (no gloves)
MR       .....                  (no boots)
Stlth    +.........             e - amulet of the gourmand
HPRegen  0.13/turn              c - ring of protection from cold
MPRegen  0.07/turn              (no ring)

@: lethally poisoned (-1 -> -14), berserk cooldown, slowed, very slow
A: unfitting armour, cold-blooded, AC +5
a: Berserk, Trog's Hand, Burn Spellbooks, Renounce Religion


You were on level 2 of the Dungeon.
You worshipped Trog.
Trog was pleased with you.
You were very full.

You visited 1 branch of the dungeon, and saw 2 of its levels.

You collected 49 gold pieces.

Inventory:

Hand Weapons
 d - a +2 antimagic halberd (weapon)
Jewellery
 c - a ring of protection from cold (left hand)
 e - an amulet of the gourmand (around neck)
Scrolls
 h - a scroll of identify
 j - a scroll of blinking {unknown}
 l - a scroll of magic mapping {unknown}
 m - 2 scrolls of remove curse {unknown}
Potions
 a - 2 potions of heal wounds {unknown}
 f - 2 potions of mutation {unknown}
 g - a potion of curing {unknown}
 k - a potion of magic {unknown}
Comestibles
 b - 4 rations


   Skills:
 + Level 4.0 Fighting
   Level 3.3 Short Blades
 * Level 1.7 Polearms
 + Level 3.3 Dodging


You had 3 spell levels left.
You didn't know any spells.

Dungeon Overview and Level Annotations

Branches:
Dungeon (2/15)

Altars:


Innate Abilities, Weirdness & Mutations

Your plain brown scales are hard. (AC +5)
You cannot fit into any form of body armour.
You are cold-blooded and may be slowed by cold attacks.


Message History

2 gnolls come into view.
You feel sick.
The gnoll shouts! x2
A kobold comes into view.
You see here a halberd of venom.
You feel a strong urge to attack something.
You feel sick.
You start resting.
Eating a chunk of flesh.
You eat the chunk of flesh.
This raw flesh tastes great.
You are no longer berserk.
You are exhausted.
You feel yourself slow down.
There is a lethal amount of poison in your body!
As you read the scroll labeled LEKEAD QIYPTU, it crumbles to dust.
You hear a loud clanging noise!
It was a scroll of noise.
* * * LOW HITPOINT WARNING * * *
You feel sick.
You hear a shout!
You hear an angry hiss.
You hear a shout!
The gnoll hits you with a spear!
You die...

### ## ..#### #. ...... .. ......
.#### .## ...... .....K .. ######
..g...##.# ## #..g...## ...
.....# ##g[.##.... .....#
#@.#....... ##.....# #.#..###..
##......# #...## .......
#...#.... ###.### #.......#
#.....# ##...# #.......# ###...#
#...## #........
##.....######..## #........
#..#..##.......# #.......
.........#####.########....###.
###...##.###........<............
###.....................##.##....


You could see a gnoll.

Vanquished Creatures
  2 gnolls
  An adder (D:2)
  An ooze (D:1)
  A worm (D:2)
  2 dart slugs (D:1)
  3 leopard geckos
  A giant cockroach (D:1)
  4 goblins
  4 hobgoblins
  3 kobolds
  A quokka (D:2)
  7 bats
  A frilled lizard (D:1)
  4 rats
35 creatures vanquished.

Notes
Turn   | Place    | Note
-------+----------+-------------------------------------------
     0 | D:1      | Muffindrake the Draconian Berserker began the quest for the Orb.
     0 | D:1      | Reached XP level 1. HP: 19/19 MP: 1/1
    46 | D:1      | Reached XP level 2. HP: 6/26 MP: 0/2
   418 | D:1      | Reached XP level 3. HP: 27/33 MP: 1/3
   699 | D:1      | Reached skill level 1 in Polearms
   840 | D:2      | Reached ** piety under Trog
  1014 | D:2      | Reached skill level 4 in Fighting
  1062 | D:2      | Reached XP level 4. HP: 25/40 MP: 1/4
  1066 | D:2      | Slain by a gnoll

Vault maps used:
D:1:      dpeg_arrival_simpleton_a, minmay_misc_feat_nine_boxes,
          minmay_pentomino_v2
D:2:      uniq_terence

Skill      XL: |  1  2  3 |
---------------+----------+-----
Dodging        | 3 |  3.3
Polearms       | 1 |  1.7
Fighting       | 4 |  4.0
Short Blades   | |  3.3

Action                   |  1- 3 |  4- 6 || total
-------------------------+-------+-------++-------
Melee: Short sword       |    19 |       ||    19
       Tailslap          |     5 |       ||     5
       Halberd           |    70 |       ||    70
Invok: Berserk           |     2 |       ||     2
  Use: Potion            |     1 |       ||     1
       Scroll            |     1 |     1 ||     2
 Stab: Sleeping          |     1 |       ||     1
  Eat: Chunk             |    10 |     1 ||    11
Armor: Skin              |    33 |       ||    33
Dodge: Dodged            |    75 |       ||    75

Table legend:
 A = Spawn XP
 B = Non-spawn XP
 C = Spawn XP percentage of total XP
 D = Spawn monster count
 E = Non-spawn monster count
 F = Spawn count percentage of total count
 G = Total turns spent on level
                    A         B        C        D         E        F      G
               +---------+---------+-------+---------+---------+-------+---------
         Total |       0 |     108 |   0.0 |       0 |      35 |   0.0 |  1066
               +---------+---------+-------+---------+---------+-------+---------
           D:1 |       0 |      58 |   0.0 |       0 |      21 |   0.0 |   828
           D:2 |       0 |      50 |   0.0 |       0 |      14 |   0.0 |   238
               +---------+---------+-------+---------+---------+-------+---------
